AoeStats
← FirstToQuitIsGaaaay

Black Forest

503147101Analyzed
4v4 RM · 11d ago on Aug 30, 2026· 45m 25s· 8 players
Game mode
Random Map
Map size
Large (8 player)
Population
200
Speed
Normal
Resources
Standard
Victory
Conquest
Starting age
Dark Age
Ending age
Imperial Age
RankedLock teamsTeams togetherTeam positionsShared explorationLock speedFull tech treeHidden civsTurbo modeCheats
Victory
Defeat
🇪🇪 Ethiopians · Estonia
992
+18
🇺🇸 Persians · United States
982
+19
🇩🇪 Celts · Germany
975
+19
🇹🇷 Berbers · Türkiye
975
+19
🇨🇳 Khitans · China
1137
-23
🇭🇰 Khmer · Hong Kong SAR China
1066
-20
🇨🇳 Koreans · China
1021
-18
🇨🇳 Bohemians · China
931
-14
nezbez
4:41 Loom
8:27 Loom
9:38 Loom
11:24 Feudal Age
15:51 Castle Age
13:39 Double-Bit Axe
13:37 Horse Collar
16:51 Bow Saw
17:29 Wheelbarrow
17:26 Heavy Plow
17:34 Gold Mining
21:29 Gold Shaft Mining
24:10 Caravan
25:28 Bloodlines
25:18 Husbandry
25:44 Hand Cart
26:05 Town Watch
26:43 Forging
26:42 Scale Barding Armor
29:04 Chain Barding Armor
28:55 Forging
32:43 Imperial Age
31:16 Iron Casting
33:34 Plate Barding Armor
34:00 Blast Furnace
33:23 Conscription
33:32 Kamandaran
33:09 Elite War Elephant
36:25 Two-Man Saw
35:56 Crop Rotation
TIMUR
0:30 Loom
11:39 Feudal Age
12:05 Double-Bit Axe
18:21 Castle Age
17:16 Stone Mining
23:32 Horse Collar
28:54 Imperial Age
26:34 Gold Mining
27:38 Bow Saw
28:26 Gold Shaft Mining
29:50 Wheelbarrow
30:16 Conscription
30:49 Fletching
31:00 Padded Archer Armor
31:43 Bodkin Arrow
32:13 Hand Cart
31:44 Town Watch
32:43 Bloodlines
32:36 Husbandry
33:35 Ballistics
34:16 Chemistry
35:15 Cavalier
36:02 Scale Barding Armor
36:08 Forging
35:58 Bracer
36:13 Leather Archer Armor
37:38 Chain Barding Armor
39:08 Iron Casting
44:29 Plate Barding Armor
44:55 Blast Furnace
44:26 Ring Archer Armor
43:23 Heavy Camel Rider
45:15 Light Cavalry
Anfangspunkt
13:01 Feudal Age
14:50 Double-Bit Axe
21:40 Castle Age
23:17 Bow Saw
24:00 Crossbowman
29:23 Gold Mining
32:32 Fletching
32:43 Padded Archer Armor
34:17 Pikeman
35:39 Bodkin Arrow
39:48 Arson
40:09 Scale Mail Armor
40:30 Forging
46:35 Imperial Age
FirstToQuitIsGaaaay
2:37 Loom
13:21 Feudal Age
17:39 Castle Age
15:31 Double-Bit Axe
15:32 Horse Collar
18:42 Bow Saw
19:23 Heavy Plow
24:45 Wheelbarrow
24:36 Town Watch
26:46 Hand Cart
27:49 Gold Mining
27:50 Stone Mining
32:41 Imperial Age
30:36 Ballistics
33:56 Gold Shaft Mining
33:27 Torsion Engines
33:49 Conscription
34:32 Chemistry
33:37 Siege Engineers
35:01 Two-Man Saw
34:45 Heavy Scorpion
37:14 Elite Shotel Warrior
38:29 Forging
38:19 Scale Mail Armor
38:26 Scale Mail Armor
40:03 Iron Casting
39:47 Chain Mail Armor
42:14 Blast Furnace
41:47 Plate Mail Armor
41:21 Squires
41:07 Arson
Zhulahardin
3:26 Loom
12:29 Feudal Age
13:39 Domestication
13:46 Double-Bit Axe
17:02 Castle Age
14:49 Loom
19:08 Stone Mining
22:13 Pastoralism
24:26 Bow Saw
28:49 Wheelbarrow
28:46 Gold Mining
29:33 Stone Shaft Mining
28:45 Town Watch
30:15 Coinage
30:31 Forging
30:21 Scale Mail Armor
34:55 Imperial Age
32:41 Hand Cart
33:05 Caravan
33:20 Treadmill Crane
34:01 Ballistics
33:36 Murder Holes
33:52 Fortified Wall
33:52 Masonry
33:58 Scale Mail Armor
34:08 Forging
33:49 Fletching
33:59 Padded Archer Armor
34:41 Pikeman
35:21 Squires
35:07 Arson
35:58 Husbandry
36:16 Chain Mail Armor
36:36 Iron Casting
36:07 Scale Barding Armor
35:57 Bodkin Arrow
36:45 Lamellar Armor
37:01 Conscription
36:02 Elite Liao Dao
36:49 Ordo Cavalry
37:47 Plate Mail Armor
39:15 Transhumance
39:15 Heavy Camel Rider
41:24 Chain Barding Armor
43:16 Plate Barding Armor
卫宫切嗣
0:34 Loom
12:56 Feudal Age
17:27 Castle Age
16:48 Double-Bit Axe
16:50 Horse Collar
27:04 Bow Saw
31:32 Scale Mail Armor
32:31 Wheelbarrow
34:32 Imperial Age
32:02 Town Watch
34:43 Pikeman
35:51 Hussite Reforms
37:47 Wheelbarrow
Mighty general
11:06 Feudal Age
13:47 Castle Age
11:38 Double-Bit Axe
12:27 Horse Collar
JJ-boom
2:30 Loom
13:25 Feudal Age
17:56 Castle Age
16:00 Double-Bit Axe
17:19 Horse Collar
17:57 Fletching
25:05 Wheelbarrow
27:22 Gold Mining
28:28 Heavy Plow
28:49 Bow Saw
29:44 Gold Shaft Mining
33:21 Imperial Age
31:40 Bodkin Arrow
32:30 Hand Cart
32:27 Scale Mail Armor
31:54 Pikeman
32:34 Squires
32:56 Ballistics
32:18 Treadmill Crane
36:43 Chemistry
35:49 Siege Engineers
36:57 Conscription
36:40 Bracer
Connection lost

Rejoining the realm…

Still unreachable

The connection could not be restored.

Session expired

The server has moved on; the page needs a fresh start.